 Dungeon Crawl Stone Soup version 0.28.0-53-g5a82cb258f (webtiles) character file.

Game seed: 13245594608195055569

484 styxcanada the Covert (level 6, 0/30 (31) HPs)
             Began as a Spriggan Brigand on June 25, 2022.
             Slain by a wight
             ... wielding a +0 halberd
              (1 damage)
             ... on level 5 of the Dungeon.
             The game lasted 00:17:47 (4071 turns).

styxcanada the Covert (Spriggan Brigand)            Turns: 4071, Time: 00:17:49

HP:   0/30 (31)     AC:  4    Str:  7    XL:     6   Next: 88%
MP:   10/10         EV: 19    Int: 12    God:
Gold: 226           SH:  0    Dex: 19    Spells: 8/9 levels left

rFire   + . .      SeeInvis +   n - +2 dagger (drain)
rCold   + . .      Faith    .   (no shield)
rNeg    + . .      Spirit   .   e - +1 robe {rC+ rF+}
rPois   .          Reflect  .   (helmet restricted)
rElec   .          Harm     .   c - +0 cloak
rCorr   .          Rampage  .   (gloves unavailable)
Will    +....                   (boots unavailable)
Stlth   ++++......              (no amulet)
HPRegen 0.10/turn               l - ring of positive energy
MPRegen 0.12/turn               (no ring)

@: lightly drained, very quick
A: very small, no large weapons, unfitting armour, see invisible, speed 3
a: no special abilities


You were on level 5 of the Dungeon.
You visited 1 branch of the dungeon, and saw 5 of its levels.

You collected 226 gold pieces.

Inventory:

Hand Weapons
 a - a +2 dagger
 n - a +2 dagger of draining (weapon)
 s - a +0 hunting sling
Missiles
 h - 58 stones (quivered)
 o - 48 sling bullets
 t - 2 boomerangs
 w - a curare-tipped dart
 x - 7 poisoned darts
Armour
 b - a +0 robe
 c - a +0 cloak (worn)
 e - a +1 robe of resistance (worn)
Jewellery
 l - a ring of positive energy (left hand)
 y - a +6 ring of dexterity
Wands
 p - a wand of paralysis (4)
 u - a wand of charming (7)
Scrolls
 d - a scroll of fog
 i - a scroll of identify
 m - a scroll of fear
 r - a scroll of enchant weapon {unknown}
 v - a scroll of magic mapping {unknown}
Potions
 j - 3 potions of heal wounds
 k - 2 potions of brilliance
 z - a potion of ambrosia
 A - a potion of cancellation


   Skills:
 * Level 2.3 Fighting
 + Level 3.2 Short Blades
 + Level 0.5(2.0) Slings
 + Level 2.5 Throwing
 * Level 4.1 Dodging
 * Level 8.9 Stealth
 * Level 2.0 Spellcasting
 * Level 1.1 Earth Magic
 * Level 2.5 Evocations


You had 8 spell levels left.
You knew the following spells:

 Your Spells              Type           Power      Damage    Failure   Level
a - Sandblast             Erth           6%         2d5       17%         1

Your spell library contained the following spells:

 Spells                   Type           Power      Damage    Failure   Level
 Shock                    Conj/Air       4%         1d3       26%         1
 Passwall                 Tmut/Erth      1%         N/A       32%         2
 Stone Arrow              Conj/Erth      4%         3d7       54%         3
 Swiftness                Air            1%         N/A       63%         3
 Airstrike                Air            0%         N/A       95%         4


Dungeon Overview and Level Annotations

Branches:
Dungeon (5/15)
 Temple: D:4-7

Altars:
Hepliaklqana
Nemelex Xobeh
Xom
Zin

Annotations:
D:4 1 runed translucent door, Palms's ghost, amateur DrIE


Innate Abilities, Weirdness & Mutations

You are very small and have problems with some larger weapons.
You are too small for most types of armour.
You have supernaturally acute eyesight. (SInv)
You cover ground extremely quickly. (Speed+++)


Message History

The wight is moderately damaged.
An ufetubus and a bullfrog zombie come into view.
The wight barely misses you.
The ufetubus shouts!
A hound comes into view.
The hound barks!
Aiming: Charm
Press: ? - help, Shift-Dir - straight line, f - wight
Aim: a wight, wielding a +0 halberd and wearing a +0 robe (chance to affect: 55%)
The wight resists with significant effort.
An adder comes into view.
You sense an unholy aura.
n - a +2 dagger of draining (weapon)
The hound bites you but does no damage.
You closely miss the hound. The hound closely misses you.
The ufetubus closely misses you. The ufetubus completely misses you.
You hit the hound.
The hound is lightly wounded.
The hound barely misses you. The ufetubus closely misses you.
The ufetubus completely misses you. The wight completely misses you.
You hit the hound. You drain the hound.
The hound is heavily wounded.
The hound completely misses you. The ufetubus misses you.
The ufetubus barely misses you.
You hit the hound.
The hound is almost dead.
The hound barely misses you. The wight closely misses you.
The ufetubus barely misses you. The ufetubus completely misses you.
The hound completely misses you.
You hit the hound but do no damage.
The hound is almost dead.
The ufetubus misses you. x2; The wight misses you.
The hound barely misses you.
You closely miss the hound.
The hound is almost dead.
The ufetubus hits you. The ufetubus closely misses you. The hound bites you.
* * * LOW HITPOINT WARNING * * *
The wight hits you from afar with a +0 halberd!
* * * LOW HITPOINT WARNING * * *
You partially resist.
You feel drained.
You die...

#.##...(.....#
#z##.#(#.##..#
#.##.#.#.##.....
..##.#.#.##......
####.#.#.###.##.# #
#5#.#.# #.# .# #..
#.....# .. .
.....######.....##
##
.....Sh@5zzZ.....#
.....######.........
... ##...#.### .
...##.# #.### .. #.
###


You could see a hound (drained), 2 wights, an adder, an ufetubus and a bullfrog
zombie.

Vanquished Creatures
  Blork the orc (D:4)
  A wight (D:5)
  A jelly (D:4)
  2 hounds (D:4)
  A bullfrog skeleton (D:4)
  Jessica (D:2)
  An iguana (D:4)
  2 orc wizards (D:4)
  A hound skeleton (D:4)
  A gnoll (D:1)
  3 adders
  3 worms (D:2)
  4 dart slugs
  5 orcs
  3 bats
  10 endoplasms
  6 giant cockroaches
  7 goblins
  9 hobgoblins
  6 jackals
  3 quokkas
  8 ball pythons
  2 frilled lizards (D:1)
  8 kobolds
  9 rats
98 creatures vanquished.

Vanquished Creatures (others)
  A worm (D:4)
1 creature vanquished.

Grand Total: 99 creatures vanquished

Notes
Turn   | Place    | Note
-------+----------+-------------------------------------------
     0 | D:1      | styxcanada the Spriggan Brigand began the quest for the
                  | Orb.
     0 | D:1      | Reached XP level 1. HP: 10/10 MP: 2/2
    27 | D:1      | Reached skill level 6 in Stealth
   241 | D:1      | Found a faded altar of an unknown god.
   316 | D:1      | Reached XP level 2. HP: 14/14 MP: 3/3
   727 | D:1      | Reached XP level 3. HP: 13/18 MP: 4/4
  1018 | D:1      | Reached skill level 7 in Stealth
  1412 | D:2      | Noticed Jessica
  1416 | D:2      | Killed Jessica
  1417 | D:2      | Reached XP level 4. HP: 23/23 MP: 5/5
  1464 | D:2      | You fall into a shaft and drop 2 floors!
  1946 | D:2      | Reached skill level 8 in Stealth
  2002 | D:2      | Reached skill level 1 in Evocations
  2332 | D:3      | Found a sparkling altar of Nemelex Xobeh.
  2335 | D:3      | Found a hazy altar of Hepliaklqana.
  2356 | D:3      | Learned a level 1 spell: Sandblast
  2468 | D:3      | Reached XP level 5. HP: 26/26 MP: 5/7
  2809 | D:4      | Found a runed translucent door.
  2829 | D:4      | Noticed Palms's ghost (amateur DrIE)
  2838 | D:4      | Noticed Blork the orc
  2856 | D:4      | Reached skill level 1 in Spellcasting
  2890 | D:4      | Killed Blork the orc
  2891 | D:4      | Reached XP level 6. HP: 4/30 MP: 8/8
  3587 | D:4      | Reached skill level 1 in Earth Magic
  3802 | D:4      | Noticed an angel
  3803 | D:4      | Found a glowing silver altar of Zin.
  3803 | D:4      | Found a shimmering altar of Xom.
  3987 | D:5      | Entered Level 5 of the Dungeon
  4071 | D:5      | HP: 1/31 [wight/+0 halberd (8)]
  4071 | D:5      | Slain by a wight

Illustrated notes

Levels and vault maps discovered:
D:1:      lightli_arrival_quake, layout_loops_corners,
          chequers_ecumenical_altar_simple, minmay_statues_item,
          chequers_serial_rivers_micro_c, minmay_pentomino_w4
D:2:      layout_basic, serial_rivers, chequers_serial_rivers_small_3,
          chequers_serial_rivers_large_a, chequers_serial_rivers_small_3,
          chequers_serial_rivers_micro_a, uniq_jessica
D:3:      layout_rooms, nicolae_overflow_squiral
D:4:      layout_cave_pools, grunt_temple_overflow_order_and_chaos_1,
          ebering_ghost_sewer_d, minmay_box_of_dots, uniq_blork_the_orc
D:5:      layout_loops_ring, gammafunk_ghost_mausoleum

Skill      XL: |  1  2  3  4  5  6 |
---------------+-------------------+-----
Stealth        | 6 7 8 |  8.9
Dodging        | 2 3 4 |  4.1
Evocations     | 1 2 |  2.5
Fighting       | 2 |  2.3
Spellcasting   | 1 2 |  2.0
Short Blades   | 3 |  3.2
Earth Magic    | 1 |  1.1
Slings         | |  0.5
Throwing       | |  2.5

Action                   |  1- 3 |  4- 6 || total
-------------------------+-------+-------++-------
Melee: Dagger            |    86 |   171 ||   257
       Punch             |     1 |       ||     1
 Fire: Hunting sling     |       |    19 ||    19
Throw: Dart              |     9 |    17 ||    26
       Stone             |       |     2 ||     2
 Cast: Sandblast         |       |     1 ||     1
Evoke: Wand              |       |     2 ||     2
  Use: Scroll            |       |    10 ||    10
 Stab: Sleeping          |    14 |    11 ||    25
       Distracted        |       |     2 ||     2
       Paralysed         |       |     1 ||     1
Armor: Robe              |     8 |    18 ||    26
Dodge: Dodged            |    54 |   144 ||   198
